 Dungeon Crawl Stone Soup version 0.32-a0-7-ge934b4519a (webtiles) character file.

Game seed: 13559643791348178122

40517 beavis94 the Geomancer (level 14, -4/110 HPs)
             Began as a Human Earth Elementalist on Jan 13, 2024.
             Was a High Priest of Vehumet.
             Succumbed to Rupert's poison
             ... on level 4 of the Lair of Beasts.
             The game lasted 00:23:05 (16206 turns).

beavis94 the Geomancer (Human Earth Elementalist)  Turns: 16206, Time: 00:23:06

Health: -4/110     AC: 13    Str: 10    XL:     14   Next: 11%
Magic:  4/28       EV: 16    Int: 31    God:    Vehumet [*****.]
Gold:   1200       SH:  0    Dex: 14    Spells: 11/33 levels left

rFire   + . .        E - staff of fire
rCold   + . .        (no shield)
rNeg    . . .        z - +1 leather armour {rC+}
rPois   .            w - +2 helmet
rElec   .            N - +2 cloak
rCorr   .            (no gloves)
SInv    .            q - +2 pair of boots {rampage}
Will    +....        (no amulet)
Stlth   ++           e - +6 ring of intelligence
HPRegen 0.38/turn    k - +6 ring of intelligence
MPRegen 0.21/turn

%: rampage
@: lethally poisoned (-4 -> -77)
A: explore regen
a: Renounce Religion


You were on level 4 of the Lair of Beasts.
You worshipped Vehumet.
Vehumet was extremely pleased with you.
You visited 2 branches of the dungeon, and saw 14 of its levels.
You also visited: Sewer and Bailey.

You collected 1228 gold pieces.
You spent 28 gold pieces at shops.

Inventory:

Hand Weapons
 y - a +3 quarterstaff of chaos
Missiles
 d - a throwing net (quivered)
Armour
 q - a +2 pair of boots of rampaging (worn)
 w - a +2 helmet (worn)
 z - a +1 leather armour of cold resistance (worn)
 N - a +2 cloak (worn)
Magical Staves
 E - a staff of fire (weapon)
Jewellery
 e - a +6 ring of intelligence (left hand)
 i - a ring of see invisible
 k - a +6 ring of intelligence (right hand)
 o - a ring of protection from cold
 x - an amulet of guardian spirit
 Q - a +6 ring of intelligence
Wands
 B - a wand of roots (34)
 L - a wand of light (2)
 P - a wand of flame (4)
Scrolls
 a - 3 scrolls of acquirement {unknown}
 g - 6 scrolls of fog
 j - 2 scrolls of enchant armour
 l - 2 scrolls of blinking {unknown}
 m - a scroll of noise
 p - 4 scrolls of enchant weapon {unknown}
 r - 3 scrolls of revelation {unknown}
 u - a scroll of immolation {unknown}
 v - 2 scrolls of poison
 A - 3 scrolls of teleportation {unknown}
 G - a scroll of torment {unknown}
 I - 5 scrolls of fear {unknown}
 M - a scroll of vulnerability {unknown}
 R - a scroll of amnesia {unknown}
 S - a scroll of identify
Potions
 b - 2 potions of magic
 c - 3 potions of haste
 f - 3 potions of curing
 h - 3 potions of brilliance
 n - 7 potions of heal wounds
 s - 4 potions of might
 t - 3 potions of mutation
 C - 3 potions of resistance
 D - 2 potions of cancellation
 F - a potion of berserk rage
 H - a potion of invisibility
 J - 3 potions of lignification
 K - 2 potions of attraction
 O - a potion of enlightenment {unknown}


   Skills:
 - Level 10.0 Fighting
 - Level 10.0 Dodging
 - Level 2.0 Stealth
 - Level 10.0 Spellcasting
 - Level 10.0 Conjurations
 - Level 10.0 Fire Magic
 + Level 3.8 Air Magic
 - Level 10.0 Earth Magic


You had 11 spell levels left.
You knew the following spells:

 Your Spells              Type           Power      Damage    Failure   Level
a - Sandblast             Erth           100%       2d20      1%          1
b - Stone Arrow           Conj/Erth      100%       3d13      1%          3
c - Fireball              Conj/Fire      43%        3d17      1%          5
d - Starburst             Conj/Fire      43%        6d12      3%          6
e - Iskenderun's Mystic   Conj/Tloc      46%        2d10      1%          4
w - Passwall              Erth           67%        N/A       1%          3

Your spell library contained the following spells:

 Spells                   Type           Power      Damage    Failure   Level
 Ozocubu's Refrigeration  Ice            7%         4d9       100%        7
 Inner Flame              Hex/Fire       63%        N/A       1%          3
 Brom's Barrelling Bould  Conj/Erth      67%        2d8       1%          4
 Irradiate                Conj/Alch      23%        3d19      4%          5
 Petrify                  Alch/Erth      46%        N/A       5%          4
 Call Canine Familiar     Summ           15%        N/A       13%         3
 Sigil of Binding         Hex            15%        N/A       13%         3
 Dimensional Bullseye     Hex/Tloc       7%         N/A       41%         4
 Ignition                 Fire           43%        3d12      71%         8


Dungeon Overview and Level Annotations

Branches:
Dungeon (10/15)            Temple (0/1) D:6            Lair (4/5) D:10
 Shoals (0/4) Lair:2       Spider (0/4) Lair:3        Slime (0/5) Lair:4
    Orc (0/2) D:10          Sewer (visited)          Bailey (visited)

Altars:
Cheibriados
Dithmenos
Fedhas
Gozag
Hepliaklqana
Makhleb
Nemelex Xobeh
Okawaru
Ru
Sif Muna
Trog
Vehumet
Xom
Yredelemnul
The Shining One
Jiyva

Shops:
D:8 =!(   D:9 *:!

Portals:
Trove: D:10 (give 2 scrolls of acquirement)

Annotations:
D:3 1 runed translucent door, cforsyth's ghost, amateur OnSh
D:9 2 transporters, mooti9's ghost, journeyman MfFi


Innate Abilities, Weirdness & Mutations

You regain HP and MP as you explore.


Message History

You feel very sick. Rupert hits you but does no damage.
You are more poisoned.
Casting: Starburst (dangerous; 3% risk of failure)
Confirm with . or Enter, or press ? or * to list all spells.
Casting: Starburst (dangerous; 3% risk of failure)
Press: ? - help, Dir - look around, f - activate You feel a surge of power!
The bolt of fire hits Rupert!!!
Rupert is heavily wounded.
The bolt of fire hits the fungus!!!
The fungus is heavily damaged.
You feel very sick.
Rupert hits you with a +4 battleaxe of venom!
You are more poisoned.
Rupert hits you with a +4 battleaxe of venom!!
* * * LOW HITPOINT WARNING * * *
You are more poisoned.
Casting: Starburst (dangerous; 3% risk of failure)
Confirm with . or Enter, or press ? or * to list all spells.
Casting: Starburst (dangerous; 3% risk of failure)
Press: ? - help, Dir - look around, f - activate You feel a surge of power!
The bolt of fire hits Rupert!!!
Rupert is almost dead.
The bolt of fire hits the fungus!!!
The fungus is severely damaged.
* * * LOW HITPOINT WARNING * * *
You feel extremely sick.
Rupert hits you with a +4 battleaxe of venom.
* * * LOW HITPOINT WARNING * * *
You are more poisoned.
Casting: Starburst (dangerous; 3% risk of failure)
Confirm with . or Enter, or press ? or * to list all spells.
Casting: Starburst (dangerous; 3% risk of failure)
Press: ? - help, Dir - look around, f - activate You feel a surge of power!
The bolt of fire hits the fungus!!
The fungus is severely damaged.
The bolt of fire hits Rupert!!
You kill Rupert!
Vehumet accepts your kill.
You die...

###.##...#.##..###.
####..###...#....####.
#......##...####.#.P#.
.##.....................
.........#...#.........
#...........#.#...+...
##......#....###...#...
#........+...# #.......
#....@..P...# ###.###.
##.##)###...# ####. ##.
#...# ##.. ........ ....
......... .... .........
.... ......... ....
...... .... ##..


There were no monsters in sight!

Vanquished Creatures
  Rupert (Lair:4)
  Gastronok (Lair:3)
  3 hydras
  A catoblepas (Lair:2)
  4 two-headed ogres
  A boulder beetle (Lair:3)
  10 death yaks
  2 skysharks
  An orc knight (Bailey)
  An oklob plant (Lair:3)
  Maurice (D:8)
  Joseph (D:8)
  3 black mambas
  A torpor snail (Lair:1)
  Jeremiah (D:7)
  10 cane toads
  Maggie (D:7)
  6 komodo dragons
  4 rime drakes
  3 polar bears
  12 blink frogs
  Prince Ribbit (D:5)
  3 dream sheep (Lair:1)
  13 yaks
  Sigmund (D:5)
  8 wyverns
  A steam dragon (D:9)
  A basilisk (Lair:3)
  Grum (Lair:1)
  Menkaure (D:5)
  Edmund (D:5)
  7 water moccasins
  An ice beast (D:7)
  2 sky beasts (D:7)
  2 black bears
  7 orc warriors
  15 wolves
  4 ogres
  3 centaurs (Lair:2)
  A phantom (D:7)
  2 kobold brigands (Sewer)
  Blork the orc (D:4)
  13 bullfrogs
  2 brain worms (Sewer)
  2 scorpions
  7 wights
  8 killer bees (D:8)
  3 howler monkeys
  5 hounds
  A jelly (D:6)
  Crazy Yiuf (D:4)
  3 gnoll boudas
  7 orc priests
  2 iguanas (D:6)
  A sleepcap (D:4)
  5 orc wizards
  9 gnolls
  14 adders
  7 river rats
  2 shadow imps
  An ufetubus (D:5)
  A dart slug (D:1)
  4 ribbon worms
  25 orcs
  7 bats
  8 endoplasms
  3 giant cockroaches
  5 goblins
  6 hobgoblins
  4 jackals (Sewer)
  7 quokkas
  14 ball pythons
  12 frilled lizards
  20 kobolds
  7 rats
360 creatures vanquished.

Vanquished Creatures (collateral kills)
  2 orcs (D:7)
2 creatures vanquished.

Vanquished Creatures (others)
  2 orcs (D:7)
2 creatures vanquished.

Grand Total: 364 creatures vanquished

Notes
Turn   | Place    | Note
-------+----------+-------------------------------------------
     0 | D:1      | beavis94 the Human Earth Elementalist began the quest for
                  | the Orb.
     0 | D:1      | Reached XP level 1. HP: 13/13 MP: 3/3
   131 | D:1      | Reached XP level 2. HP: 19/19 MP: 1/5
   537 | D:1      | Reached XP level 3. HP: 24/24 MP: 3/6
   647 | D:1      | Found a faded altar of an unknown god.
   973 | D:1      | Prayed at the altar of an unknown god.
   973 | D:1      | Became a worshipper of Vehumet
   973 | D:1      | Reached * piety under Vehumet
   973 | D:1      | Offered knowledge of Freeze by Vehumet.
   980 | D:1      | Learned a level 3 spell: Stone Arrow
   984 | D:1      | Learned a level 3 spell: Passwall
  1067 | D:2      | Reached XP level 4. HP: 30/30 MP: 5/8
  1796 | D:3      | Offered knowledge of Searing Ray by Vehumet.
  1797 | D:3      | Reached XP level 5. HP: 35/35 MP: 6/9
  1806 | D:3      | Reached ** piety under Vehumet
  1904 | D:3      | Found an iron altar of Okawaru.
  1904 | D:3      | Found a sacrificial altar of Ru.
  1912 | D:3      | Found a bloodstained altar of Trog.
  1923 | D:3      | Found a basalt altar of Yredelemnul.
  1925 | D:3      | Found a shadowy altar of Dithmenos.
  2074 | D:3      | Found a glowing drain.
  2078 | Sewer    | Entered a sewer
  2081 | Sewer    | Noticed a kobold brigand
  2086 | Sewer    | Killed a kobold brigand
  2087 | Sewer    | Reached XP level 6. HP: 34/41 MP: 6/11
  2244 | Sewer    | Offered knowledge of Dazzling Flash by Vehumet.
  2418 | Sewer    | Reached skill level 5 in Earth Magic
  2418 | Sewer    | Reached XP level 7. HP: 42/46 MP: 9/13
  3014 | D:3      | Found an opulent altar of Gozag.
  3195 | D:3      | Found a runed translucent door.
  3198 | D:3      | Noticed cforsyth's ghost (amateur OnSh)
  3416 | D:4      | Reached *** piety under Vehumet
  3536 | D:4      | Reached skill level 5 in Spellcasting
  3536 | D:4      | Reached XP level 8. HP: 52/52 MP: 4/15
  3626 | D:4      | Found a sparkling altar of Nemelex Xobeh.
  3716 | D:4      | Reached skill level 5 in Conjurations
  3716 | D:4      | Noticed a wyvern
  3725 | D:4      | Killed a wyvern
  3902 | D:4      | Noticed Blork the orc
  3907 | D:4      | Killed Blork the orc
  3983 | D:4      | Offered knowledge of Iskenderun's Mystic Blast by Vehumet.
  4165 | D:4      | Found a runed translucent door.
  4166 | D:4      | Noticed Crazy Yiuf
  4217 | D:4      | Killed Crazy Yiuf
  4282 | D:4      | Learned a level 4 spell: Iskenderun's Mystic Blast
  4283 | D:5      | Entered Level 5 of the Dungeon
  4307 | D:5      | Found a radiant altar of Vehumet.
  4342 | D:5      | Noticed Sigmund
  4342 | D:5      | Noticed Edmund
  4496 | D:5      | Killed Edmund
  4536 | D:5      | Killed Sigmund
  4622 | D:5      | Got the Folio of the Combustive Syncline
  4625 | D:5      | Noticed Prince Ribbit
  4631 | D:5      | Killed Prince Ribbit
  4632 | D:5      | Reached XP level 9. HP: 57/57 MP: 8/18
  4641 | D:5      | Learned a level 6 spell: Starburst
  4660 | D:5      | Reached **** piety under Vehumet
  4946 | D:5      | You fall into a shaft and drop 1 floor!
  4956 | D:6      | Found a burning altar of Makhleb.
  5018 | D:6      | Offered knowledge of Fulminant Prism by Vehumet.
  5155 | D:5      | Found a blossoming altar of Fedhas.
  5155 | D:5      | Found a shimmering blue altar of Sif Muna.
  5380 | D:5      | Noticed Menkaure
  5382 | D:5      | Killed Menkaure
  5461 | D:5      | Identified the +4 mace of Uncertain Death {flame, *Noise
                  | Dex+10 SInv Stlth-}
  5612 | D:6      | Found a staircase to the Ecumenical Temple.
  6138 | D:7      | Noticed Maggie
  6148 | D:7      | Killed Maggie
  6301 | D:7      | Noticed Jeremiah
  6306 | D:7      | Found a shimmering altar of Xom.
  6328 | D:7      | Killed Jeremiah
  6329 | D:7      | Reached XP level 10. HP: 56/63 MP: 11/21
  6704 | D:7      | Found a faded altar of an unknown god.
  6704 | D:7      | Found a hazy altar of Hepliaklqana.
  6708 | D:7      | Found a faded altar of an unknown god.
  6789 | D:8      | Found Ihyxapo's Jewellery Shop.
  6789 | D:8      | Found Upohaeri's Distillery.
  6794 | D:8      | Found a flagged portal.
  6803 | Bailey   | Entered a bailey
  6808 | Bailey   | Noticed an orc warlord
  6862 | Bailey   | Noticed an orc knight
  6866 | Bailey   | Killed an orc knight
  7046 | Bailey   | Found a runed translucent gate.
  7049 | Bailey   | Found a runed translucent gate.
  7050 | Bailey   | Found a runed translucent gate.
  7370 | D:8      | Found a glowing golden altar of the Shining One.
  7372 | D:8      | Reached skill level 10 in Earth Magic
  7372 | D:8      | Reached XP level 11. HP: 76/76 MP: 22/24
  7408 | D:8      | Found Jeure's Weapon Shoppe.
  7630 | D:8      | Noticed Joseph
  7636 | D:8      | Killed Joseph
  7636 | D:8      | Reached ***** piety under Vehumet
  7882 | D:8      | Noticed Maurice
  7888 | D:8      | Maurice stole a ring of protection from cold
  7890 | D:8      | Maurice stole a staff of fire
  7891 | D:8      | Killed Maurice
  7915 | D:8      | Noticed a two-headed ogre
  7927 | D:8      | Killed a two-headed ogre
  7928 | D:8      | Reached skill level 10 in Conjurations
  8052 | D:8      | Offered knowledge of Fireball by Vehumet.
  8064 | D:8      | Learned a level 5 spell: Fireball
  8407 | D:8      | Found a snail-covered altar of Cheibriados.
  8603 | D:9      | Found Ruguor's General Store.
  8607 | D:9      | Bought a scroll of identify for 28 gold pieces
  8634 | D:9      | Reached skill level 10 in Spellcasting
  8798 | D:9      | Found a transporter.
  8803 | D:9      | Found a transporter.
  8804 | D:9      | Noticed mooti9's ghost (journeyman MfFi)
  8807 | D:9      | Found Mapih's Book Boutique.
  8838 | D:9      | Noticed a two-headed ogre
  8842 | D:9      | Killed a two-headed ogre
  8983 | D:9      | Reached skill level 5 in Dodging
  9582 | D:9      | Found Pagur's Distillery.
  9765 | D:10     | Entered Level 10 of the Dungeon
 10111 | D:10     | Noticed a two-headed ogre
 10114 | D:10     | Killed a two-headed ogre
 10115 | D:10     | Reached skill level 5 in Fighting
 10115 | D:10     | Reached skill level 5 in Fire Magic
 10115 | D:10     | Reached XP level 12. HP: 86/86 MP: 16/26
 10220 | D:10     | Found a portal to a secret trove of treasure.
 10484 | D:10     | Noticed a two-headed ogre
 10487 | D:10     | Killed a two-headed ogre
 10594 | D:10     | Found a staircase to the Lair.
 10594 | D:10     | Found a staircase to the Orcish Mines.
 11065 | Lair:1   | Entered Level 1 of the Lair of Beasts
 12109 | Lair:1   | You fall into a shaft and drop 1 floor!
 12109 | Lair:2   | Found a staircase to the Shoals.
 12296 | Lair:2   | Noticed a death yak
 12296 | Lair:2   | Noticed a death yak
 12296 | Lair:2   | Noticed a death yak
 12317 | Lair:2   | Killed a death yak
 12319 | Lair:2   | Noticed a death yak
 12325 | Lair:2   | Killed a death yak
 12341 | Lair:2   | Killed a death yak
 12342 | Lair:2   | Killed a death yak
 12421 | Lair:2   | Reached XP level 13. HP: 98/98 MP: 7/27
 13793 | Lair:1   | Noticed Grum
 13799 | Lair:1   | Killed Grum
 14156 | Lair:3   | Offered knowledge of Ozocubu's Refrigeration by Vehumet.
 14762 | Lair:3   | Found a hole to the Spider Nest.
 14764 | Lair:3   | Noticed Gastronok
 15329 | Lair:3   | Killed Gastronok
 15843 | Lair:4   | Found a staircase to the Slime Pits.
 15844 | Lair:4   | Found a viscous altar of Jiyva.
 15859 | Lair:4   | Reached skill level 10 in Fighting
 15859 | Lair:4   | Reached skill level 10 in Dodging
 15859 | Lair:4   | Reached XP level 14. HP: 110/110 MP: 18/28
 15863 | Lair:4   | Reached skill level 10 in Fire Magic
 16198 | Lair:4   | Noticed Rupert
 16198 | Lair:4   | Paralysed by Rupert for 5 turns
 16206 | Lair:4   | Killed Rupert
 16206 | Lair:4   | Succumbed to Rupert's poison

Illustrated notes

Levels and vault maps discovered:
D:1:      grunt_arrival_crossed_arrows, layout_rooms,
          hellmonk_ecumenical_altar_heavens_door, minivault_5,
          dreamdust_mushroom_princess, hex_intersection, minmay_box_of_dots
D:2:      layout_rooms, minmay_misc_feat_more_columns, roderic_roman_lattice,
          minivault_26
D:3:      layout_rooms, chequers_temple_overflow_minitemple,
          mainiacjoe_overflow_boulevard, gup_sewer_entry_spiral,
          ebering_ghost_reflecting_pool, uniq_ijyb
D:4:      layout_cave_pools, lemuel_tele_altar, uniq_crazy_yiuf_cottage,
          uniq_blork_the_orc
D:5:      layout_basic, fiery_altar_vehumet, jmf_multi_god_temple,
          columned_hall_lemuel, st_stairs_2, minmay_misc_feat_diagonals,
          uniq_edmund, uniq_sigmund, uniq_prince_ribbit1, uniq_menkaure
D:6:      layout_loops_ring, mainiacjoe_overflow_surrounded_room,
          temple_fountains
D:7:      layout_cave_pools, nicolae_hepliaklqana_ecumenical_no_more,
          lemuel_crystal_altar, serial_glass, glass_columns_c, glass_columns_b,
          uniq_maggie, uniq_jeremiah
D:8:      layout_loops_cross, tso_metal_star, cheibrodos_worm_habitat,
          serial_shops, nicolae_shop_statue_plus, nicolae_shop_peninsula, shop,
          enter_bailey_6, grunt_decor_arrowhead, uniq_maurice, uniq_joseph
D:9:      layout_gridville, nzn_ghost_randoct, serial_shops, nicolae_shop_trees,
          nicolae_shop_rolling_square, shop, minmay_hedge_maze
D:10:     layout_basic, lair_entry_dummy, orc_0_dummy, enter_trove_6,
          serial_bayou_pond_d
Lair:1:   layout_roguey, infiniplex_staircase_pool, uniq_grum
Lair:2:   layout_cellular_growth, minmay_shoals_entry_centaurs,
          grunt_megastairs_4
Lair:3:   layout_roguey, dummy_spider_entry, grunt_megastairs_3, uniq_gastronok
Lair:4:   layout_regular_city, slime_entry_1, uniq_rupert, uniq_snorg, uniq_urug

Skill      XL: |  1  2  3  4  5  6  7  8  9 10 11 12 13 14 |
---------------+-------------------------------------------+-----
Conjurations   | 2 3 4 6 7 9 10 | 10.0
Spellcasting   | 3 4 5 6 7 9 10 | 10.0
Earth Magic    | 4 5 7 8 10 | 10.0
Fighting       | 3 5 7 10 | 10.0
Dodging        | 4 5 7 10 | 10.0
Fire Magic     | 3 5 7 9 10 | 10.0
Air Magic      | 3 |  3.8
Stealth        | |  2.0

Action                     |  1- 3 |  4- 6 |  7- 9 | 10-12 | 13-15 || total
---------------------------+-------+-------+-------+-------+-------++-------
  Melee: Dagger            |       |     3 |     2 |       |       ||     5
         Quarterstaff      |       |       |     1 |       |       ||     1
         Staff             |       |       |       |     3 |     5 ||     8
         Punch             |       |       |       |       |     1 ||     1
  Throw: Throwing net      |       |       |       |     1 |       ||     1
   Cast: Sandblast         |    46 |    82 |    54 |    42 |     1 ||   225
         Stone Arrow       |       |       |    63 |    93 |    33 ||   189
         Iskenderun's Myst |       |       |     4 |       |       ||     4
         Fireball          |       |       |       |    44 |    11 ||    55
         Starburst         |       |       |       |    17 |    60 ||    77
    Use: Scroll            |       |       |    14 |     6 |       ||    20
         Potion            |       |       |       |     2 |       ||     2
 Armour: Robe              |     4 |    40 |    24 |       |       ||    68
         Leather armour    |       |       |     9 |    57 |    39 ||   105
  Dodge: Dodged            |    10 |    42 |    31 |    36 |    49 ||   168

Table legend: (Time is in decaauts)
 A = Elapsed time spent in this place.
 B = Non-inter-level travel time spent in this place.
 C = Inter-level travel time spent in this place.
 D = Time resting spent in this place.
 E = Time spent auto-exploring this place.
 F = Levels seen in this place.
 G = Mean time per level.
                   A        B        C        D        E       F      G
               +--------+--------+--------+--------+--------+-----+--------+
         Total |  16535 |  15616 |    919 |      0 |  13472 |  16 | 1033.4 |
       Dungeon |  10041 |   9362 |    679 |      0 |   8084 |  10 | 1004.1 |
          Lair |   5053 |   4813 |    240 |      0 |   4282 |   4 | 1263.2 |
         Sewer |   1009 |   1009 |      0 |      0 |    836 |   1 | 1009.0 |
        Bailey |    430 |    430 |      0 |      0 |    269 |   1 |  430.0 |
               +--------+--------+--------+--------+--------+-----+--------+

Top non-repeatable levels by time:
  Lair:2: 1722 daAuts
  Lair:3: 1520 daAuts
    D:10: 1400 daAuts
     D:8: 1396 daAuts
  Lair:1: 1364 daAuts
     D:9: 1161 daAuts
     D:4: 1040 daAuts
     D:1: 1017 daAuts
   Sewer: 1009 daAuts
     D:5: 966 daAuts
     D:3: 855 daAuts
     D:2: 807 daAuts
     D:7: 708 daAuts
     D:6: 688 daAuts
  Lair:4: 446 daAuts
